[ PARTIDA AOE2 · #464448405 ]
Team RMJaponeses vs Mongols
[ ANÁLISIS DE REPETICIÓN · EXTRAÍDO DE LA PARTIDA GRABADA ]
Feudal
10:48
Castillos
23:07
Imperial
52:12
| APM promedio | 22.9 |
| APM pico | 50 |
| eAPM promedio | 13.4 |
| Aldeanos / militares | 176 / 283 |
Foco
⚔️ 26.8% · 🌾 73.2%
Cavalry Archer ×191 · Samurai ×74 · Trade Cart ×68 · Spearman ×11 · Archer ×6 · Fishing Ship ×4
Feudal
10:21
Castillos
22:54
Imperial
47:51
| APM promedio | 41.3 |
| APM pico | 80 |
| eAPM promedio | 26.5 |
| Aldeanos / militares | 271 / 301 |
Foco
⚔️ 32.6% · 🌾 67.4%
Archer ×112 · Spearman ×73 · Scout Cavalry ×45 · Longbowman ×15 · Skirmisher ×13 · Fire Galley ×12
Feudal
12:04
Castillos
25:02
Imperial
43:37
| APM promedio | 37.9 |
| APM pico | 96 |
| eAPM promedio | 22.4 |
| Aldeanos / militares | 247 / 525 |
Foco
⚔️ 42.0% · 🌾 58.0%
Spearman ×201 · Skirmisher ×138 · Militia ×134 · Trade Cart ×41 · Fire Galley ×24 · Fishing Ship ×18
Feudal
9:08
Castillos
20:52
Imperial
38:08
| APM promedio | 62.4 |
| APM pico | 107 |
| eAPM promedio | 29.5 |
| Aldeanos / militares | 210 / 573 |
Foco
⚔️ 30.5% · 🌾 69.5%
Scout Cavalry ×358 · Skirmisher ×139 · Spearman ×30 · Knight ×21 · Trade Cart ×16 · Trebuchet (Packed) ×11
Feudal
9:59
Castillos
14:47
Imperial
39:19
| APM promedio | 41.3 |
| APM pico | 91 |
| eAPM promedio | 22.9 |
| Aldeanos / militares | 156 / 303 |
Foco
⚔️ 36.9% · 🌾 63.1%
Mangudai ×242 · Battering Ram ×43 · Trade Cart ×35 · Spearman ×15 · Trebuchet (Packed) ×2 · Monk ×1
Feudal
8:37
Castillos
20:20
Imperial
39:33
| APM promedio | 47.9 |
| APM pico | 88 |
| eAPM promedio | 25.6 |
| Aldeanos / militares | 192 / 491 |
Foco
⚔️ 33.3% · 🌾 66.7%
Scout Cavalry ×294 · Mangudai ×163 · Battering Ram ×23 · Steppe Lancer ×8 · Knight ×3
Feudal
10:13
Castillos
25:09
Imperial
43:12
| APM promedio | 38.5 |
| APM pico | 73 |
| eAPM promedio | 20.2 |
| Aldeanos / militares | 217 / 383 |
Foco
⚔️ 31.7% · 🌾 68.3%
Scout Cavalry ×206 · Knight ×124 · Trade Cart ×44 · Camel Scout ×44 · Spearman ×5 · Trebuchet (Packed) ×4
Feudal
9:45
Castillos
22:24
Imperial
42:16
| APM promedio | 41.3 |
| APM pico | 89 |
| eAPM promedio | 18.9 |
| Aldeanos / militares | 115 / 267 |
Foco
⚔️ 40.7% · 🌾 59.3%
Skirmisher ×152 · Knight ×98 · Fishing Ship ×9 · Scout Cavalry ×8 · Scorpion ×6 · Unknown (2626) ×3
Mapa de la partida
Recursos iniciales + cada clic de construcción. Líneas = muros · curvas = relieve. ◆ oro · ⬟ piedra · ● bayas · ✦ reliquia · ◌ hueco del cierre
Tu base· Abierta — flanco sin cerrar
Base de [LAK] GGenaroAoE· Abierta — flanco sin cerrar
Base de Punjiba· Abierta — flanco sin cerrar
Base de ButNotTonight· Abierta — flanco sin cerrar
Base de fangbb· Abierta — flanco sin cerrar
Base de CholoPayet· Abierta — hueco de 7t
Base de hailou hilou· ✓ Cerrada en 25:09 · 44t muro · 2 puerta(s)
Base de Chadi285· ✓ Cerrada en 22:24 · 61t muro · 1 puerta(s)
Terreno inicial suavizado · ◌ = hueco del cierre detectado · pasá el cursor para detalles
Inputs por minuto
— law_criminal - - [LAK] GGenaroAoE
Build order — law_criminal
Primeras 150 de 515 acciones detectadas
| 0:02 | Crear | Villager (Male) |
| 0:03 | Crear | Villager (Male) |
| 0:03 | Crear | Villager (Male) |
| 0:04 | Construir | House |
| 0:06 | Construir | House |
| 0:15 | Crear | Villager (Male) |
| 0:17 | Construir | House |
| 1:52 | Crear | Villager (Male) |
| 2:08 | Crear | Villager (Male) |
| 2:40 | Crear | Villager (Male) |
| 2:41 | Crear | Villager (Male) |
| 2:47 | Construir | Lumber Camp |
| 3:06 | Crear | Villager (Male) |
| 3:06 | Crear | Villager (Male) |
| 3:07 | Crear | Villager (Male) |
| 3:51 | Crear | Villager (Male) |
| 3:57 | Construir | House |
| 4:20 | Crear | Villager (Male) |
| 4:20 | Crear | Villager (Male) |
| 4:20 | Crear | Villager (Male) |
| 5:20 | Construir | House |
| 5:37 | Crear | Villager (Male) |
| 5:43 | Construir | Dock |
| 6:08 | Crear | Villager (Male) |
| 6:09 | Crear | Villager (Male) |
| 6:23 | Crear | Villager (Male) |
| 6:30 | Investigar | Loom |
| 6:47 | Crear | Villager (Male) |
| 6:59 | Crear | Fishing Ship |
| 7:01 | Crear | Fishing Ship |
| 7:02 | Crear | Fishing Ship |
| 7:11 | Crear | Villager (Male) |
| 7:38 | Crear | Villager (Male) |
| 7:55 | Construir | Mining Camp |
| 7:59 | Crear | Villager (Male) |
| 8:07 | Construir | House |
| 8:15 | Construir | Palisade Wall |
| 8:28 | Investigar | Feudal Age |
| 8:46 | Construir | Outpost |
| 8:52 | Crear | Fishing Ship |
| 9:08 | Construir | Palisade Wall |
| 9:35 | Construir | Palisade Wall |
| 9:49 | Construir | Palisade Wall |
| 10:02 | Construir | Barracks |
| 10:08 | Crear | Villager (Male) |
| 10:09 | Crear | Villager (Male) |
| 10:34 | Construir | Lumber Camp |
| 10:48 | Edad | Edad Feudal |
| 11:23 | Crear | Spearman |
| 11:35 | Investigar | Double-Bit Axe |
| 11:40 | Crear | Villager (Male) |
| 12:00 | Construir | House |
| 12:09 | Crear | Villager (Male) |
| 12:10 | Crear | Villager (Male) |
| 12:15 | Construir | House |
| 12:18 | Construir | House |
| 12:25 | Construir | House |
| 12:29 | Construir | House |
| 12:31 | Construir | House |
| 12:45 | Crear | Spearman |
| 12:46 | Crear | Spearman |
| 13:10 | Crear | Villager (Male) |
| 13:11 | Crear | Villager (Male) |
| 13:24 | Construir | House |
| 13:26 | Construir | House |
| 13:49 | Crear | Spearman |
| 13:49 | Crear | Spearman |
| 14:07 | Construir | Mill |
| 14:38 | Construir | Farm |
| 14:39 | Construir | Farm |
| 14:40 | Construir | Farm |
| 14:44 | Construir | Farm |
| 14:45 | Construir | Farm |
| 15:16 | Construir | Lumber Camp |
| 15:41 | Crear | Villager (Male) |
| 15:41 | Crear | Villager (Male) |
| 15:42 | Crear | Villager (Male) |
| 15:46 | Construir | Farm |
| 15:47 | Construir | Farm |
| 16:13 | Construir | House |
| 16:16 | Crear | Villager (Male) |
| 16:19 | Construir | Farm |
| 16:30 | Investigar | Horse Collar |
| 17:00 | Construir | Market |
| 17:25 | Crear | Villager (Male) |
| 17:25 | Crear | Villager (Male) |
| 17:29 | Construir | Farm |
| 17:40 | Construir | Farm |
| 17:42 | Construir | Farm |
| 17:58 | Construir | Archery Range |
| 18:18 | Investigar | Wheelbarrow |
| 18:48 | Construir | Palisade Wall |
| 18:50 | Crear | Archer |
| 18:51 | Crear | Archer |
| 18:51 | Crear | Archer |
| 19:10 | Construir | Blacksmith |
| 19:19 | Construir | Mill |
| 19:24 | Crear | Villager (Male) |
| 19:24 | Crear | Villager (Male) |
| 19:36 | Crear | Archer |
| 19:39 | Crear | Archer |
| 19:40 | Crear | Archer |
| 20:27 | Investigar | Castle Age |
| 20:43 | Construir | Archery Range |
| 20:44 | Construir | Archery Range |
| 20:51 | Construir | Stable |
| 21:12 | Crear | Villager (Male) |
| 21:12 | Crear | Villager (Male) |
| 21:15 | Crear | Villager (Male) |
| 21:54 | Crear | Spearman |
| 21:54 | Crear | Spearman |
| 21:55 | Crear | Spearman |
| 22:10 | Investigar | Fletching |
| 22:11 | Investigar | Padded Archer Armor |
| 23:07 | Edad | Edad de los Castillos |
| 23:12 | Construir | University |
| 23:15 | Investigar | Husbandry |
| 23:16 | Investigar | Bloodlines |
| 23:22 | Crear | Cavalry Archer ×5 |
| 23:22 | Crear | Cavalry Archer ×5 |
| 23:22 | Crear | Cavalry Archer ×5 |
| 24:23 | Investigar | Ballistics |
| 24:29 | Investigar | Bodkin Arrow |
| 24:36 | Crear | Villager (Male) |
| 24:37 | Crear | Villager (Male) |
| 25:06 | Crear | Cavalry Archer ×2 |
| 25:07 | Crear | Cavalry Archer ×2 |
| 25:07 | Crear | Cavalry Archer ×2 |
| 25:28 | Crear | Villager (Male) |
| 25:28 | Crear | Villager (Male) |
| 25:32 | Investigar | Pikeman (upgrade) |
| 25:45 | Crear | Villager (Male) |
| 25:45 | Crear | Villager (Male) |
| 26:03 | Construir | House |
| 26:12 | Crear | Villager (Male) |
| 26:27 | Crear | Cavalry Archer ×3 |
| 26:28 | Crear | Cavalry Archer ×3 |
| 26:44 | Construir | Stone Wall |
| 26:52 | Crear | Villager (Male) |
| 27:23 | Investigar | Bow Saw |
| 27:30 | Crear | Cavalry Archer |
| 27:30 | Crear | Cavalry Archer |
| 27:32 | Crear | Villager (Male) |
| 27:32 | Crear | Villager (Male) |
| 27:33 | Crear | Villager (Male) |
| 28:08 | Crear | Villager (Male) |
| 28:30 | Crear | Villager (Male) |
| 28:37 | Crear | Cavalry Archer ×2 |
| 28:37 | Crear | Cavalry Archer ×2 |
| 28:37 | Crear | Cavalry Archer ×2 |
Build order — [LAK] GGenaroAoE
Primeras 150 de 877 acciones detectadas
| 0:01 | Crear | Villager (Male) |
| 0:02 | Crear | Villager (Male) |
| 0:03 | Construir | House |
| 0:05 | Construir | House |
| 0:05 | Crear | Villager (Male) |
| 0:05 | Crear | Villager (Male) |
| 1:10 | Crear | Villager (Male) |
| 1:11 | Crear | Villager (Male) |
| 1:41 | Crear | Villager (Male) |
| 2:13 | Crear | Villager (Male) |
| 2:14 | Crear | Villager (Male) |
| 2:14 | Crear | Villager (Male) |
| 2:41 | Crear | Villager (Male) |
| 2:42 | Crear | Villager (Male) |
| 3:12 | Crear | Villager (Male) |
| 3:12 | Crear | Villager (Male) |
| 3:39 | Crear | Villager (Male) |
| 3:39 | Crear | Villager (Male) |
| 3:45 | Construir | Lumber Camp |
| 4:01 | Crear | Villager (Male) |
| 4:02 | Crear | Villager (Male) |
| 4:24 | Construir | House |
| 4:36 | Crear | Villager (Male) |
| 4:36 | Crear | Villager (Male) |
| 4:50 | Construir | House |
| 4:58 | Crear | Villager (Male) |
| 4:58 | Crear | Villager (Male) |
| 5:24 | Construir | Mill |
| 5:40 | Crear | Villager (Male) |
| 6:04 | Crear | Villager (Male) |
| 6:04 | Crear | Villager (Male) |
| 6:04 | Crear | Villager (Male) |
| 6:21 | Investigar | Loom |
| 6:54 | Construir | Barracks |
| 7:20 | Construir | Farm |
| 7:46 | Construir | Farm |
| 7:47 | Construir | Farm |
| 8:02 | Construir | Palisade Wall |
| 8:11 | Investigar | Feudal Age |
| 8:12 | Investigar | Feudal Age |
| 8:49 | Construir | Dock |
| 8:52 | Crear | Villager (Male) |
| 8:52 | Crear | Villager (Male) |
| 9:06 | Crear | Militia |
| 9:15 | Crear | Villager (Male) |
| 9:15 | Crear | Villager (Male) |
| 9:27 | Construir | Mining Camp |
| 9:39 | Crear | Militia |
| 9:39 | Crear | Militia |
| 9:53 | Crear | Fishing Ship |
| 9:53 | Crear | Fishing Ship |
| 10:00 | Crear | Militia |
| 10:17 | Construir | House |
| 10:21 | Edad | Edad Feudal |
| 10:24 | Crear | Villager (Male) |
| 10:25 | Crear | Villager (Male) |
| 10:36 | Construir | House |
| 10:55 | Crear | Villager (Male) |
| 11:05 | Crear | Villager (Male) |
| 11:19 | Crear | Villager (Male) |
| 11:31 | Crear | Villager (Male) |
| 11:35 | Construir | Archery Range |
| 11:58 | Crear | Villager (Male) |
| 12:02 | Crear | Villager (Male) |
| 12:02 | Crear | Villager (Male) |
| 12:25 | Investigar | Man-at-Arms (upgrade) |
| 12:28 | Crear | Villager (Male) |
| 12:33 | Crear | Fishing Ship |
| 12:33 | Crear | Fishing Ship |
| 12:41 | Crear | Archer |
| 12:41 | Crear | Archer |
| 13:08 | Crear | Villager (Male) |
| 13:11 | Construir | Archery Range |
| 13:29 | Crear | Villager (Male) |
| 13:32 | Construir | House |
| 13:40 | Crear | Villager (Male) |
| 13:55 | Crear | Villager (Male) |
| 14:03 | Construir | House |
| 14:16 | Crear | Villager (Male) |
| 14:20 | Crear | Fishing Ship |
| 14:21 | Crear | Fishing Ship |
| 14:34 | Crear | Villager (Male) |
| 14:42 | Crear | Archer |
| 14:42 | Crear | Archer |
| 14:42 | Crear | Archer |
| 14:50 | Crear | Villager (Male) |
| 14:53 | Construir | Farm |
| 14:55 | Crear | Villager (Male) |
| 15:17 | Construir | House |
| 15:23 | Crear | Spearman |
| 15:27 | Crear | Villager (Male) |
| 15:45 | Construir | Blacksmith |
| 16:08 | Crear | Villager (Male) |
| 16:32 | Investigar | Fletching |
| 16:43 | Crear | Villager (Male) |
| 16:48 | Crear | Archer |
| 16:48 | Crear | Archer |
| 16:49 | Crear | Archer |
| 16:53 | Crear | Villager (Male) |
| 17:01 | Crear | Villager (Male) |
| 17:05 | Construir | Farm |
| 17:06 | Construir | Farm |
| 17:09 | Construir | House |
| 17:32 | Construir | House |
| 17:47 | Construir | House |
| 17:53 | Crear | Villager (Male) |
| 17:57 | Construir | Farm |
| 18:07 | Crear | Villager (Male) |
| 18:19 | Crear | Villager (Male) |
| 18:36 | Crear | Archer |
| 18:36 | Crear | Archer |
| 18:36 | Crear | Archer |
| 18:37 | Crear | Villager (Male) |
| 18:55 | Construir | House |
| 18:56 | Construir | House |
| 19:05 | Crear | Archer |
| 19:06 | Crear | Villager (Male) |
| 19:11 | Crear | Villager (Male) |
| 19:15 | Investigar | Gold Mining |
| 19:26 | Crear | Villager (Male) |
| 19:35 | Crear | Villager (Male) |
| 20:07 | Investigar | Castle Age |
| 20:08 | Investigar | Castle Age |
| 20:15 | Crear | Villager (Male) |
| 20:19 | Construir | House |
| 20:42 | Crear | Archer |
| 20:42 | Crear | Archer |
| 20:43 | Crear | Archer |
| 21:10 | Construir | House |
| 21:27 | Crear | Villager (Male) |
| 21:30 | Crear | Archer |
| 21:31 | Crear | Archer |
| 21:45 | Crear | Villager (Male) |
| 21:49 | Crear | Archer |
| 21:49 | Crear | Archer |
| 21:50 | Crear | Archer |
| 21:58 | Crear | Villager (Male) |
| 22:02 | Crear | Spearman |
| 22:13 | Crear | Galley |
| 22:25 | Crear | Archer |
| 22:34 | Crear | Villager (Male) |
| 22:51 | Crear | Archer |
| 22:51 | Crear | Archer |
| 22:54 | Edad | Edad de los Castillos |
| 22:57 | Crear | Villager (Male) |
| 23:02 | Construir | Town Center |
| 23:03 | Crear | Villager (Male) |
| 23:06 | Investigar | Bodkin Arrow |
| 23:10 | Investigar | Crossbowman (upgrade) |
| 23:11 | Investigar | Crossbowman (upgrade) |
Build order — Punjiba
Primeras 150 de 865 acciones detectadas
| 0:01 | Crear | Villager (Male) |
| 0:01 | Crear | Villager (Male) |
| 0:01 | Crear | Villager (Male) |
| 0:01 | Crear | Villager (Male) |
| 0:03 | Construir | House |
| 0:16 | Construir | House |
| 1:23 | Crear | Villager (Male) |
| 1:23 | Crear | Villager (Male) |
| 2:00 | Crear | Villager (Male) |
| 2:03 | Construir | Mule Cart |
| 2:34 | Crear | Villager (Male) |
| 2:34 | Crear | Villager (Male) |
| 2:34 | Crear | Villager (Male) |
| 3:05 | Crear | Villager (Male) |
| 3:05 | Crear | Villager (Male) |
| 3:30 | Crear | Villager (Male) |
| 3:30 | Crear | Villager (Male) |
| 3:30 | Crear | Villager (Male) |
| 3:37 | Construir | House |
| 4:03 | Crear | Villager (Male) |
| 4:03 | Crear | Villager (Male) |
| 4:25 | Construir | Dock |
| 4:30 | Crear | Villager (Male) |
| 4:30 | Crear | Villager (Male) |
| 4:55 | Crear | Villager (Male) |
| 4:55 | Crear | Villager (Male) |
| 4:56 | Crear | Villager (Male) |
| 5:04 | Crear | Fishing Ship |
| 5:15 | Crear | Villager (Male) |
| 5:16 | Crear | Villager (Male) |
| 5:42 | Crear | Villager (Male) |
| 6:06 | Crear | Villager (Male) |
| 6:09 | Crear | Fishing Ship |
| 6:12 | Construir | House |
| 6:26 | Crear | Villager (Male) |
| 6:50 | Crear | Villager (Male) |
| 6:51 | Crear | Fishing Ship |
| 7:08 | Crear | Villager (Male) |
| 7:11 | Construir | House |
| 7:28 | Crear | Villager (Male) |
| 7:58 | Crear | Fishing Ship |
| 8:04 | Crear | Villager (Male) |
| 8:19 | Construir | Mule Cart |
| 8:21 | Crear | Villager (Male) |
| 8:33 | Crear | Villager (Male) |
| 8:37 | Construir | Palisade Wall |
| 9:04 | Crear | Fishing Ship |
| 9:11 | Crear | Villager (Male) |
| 9:24 | Construir | Palisade Wall |
| 9:30 | Investigar | Feudal Age |
| 9:30 | Investigar | Feudal Age |
| 9:39 | Construir | House |
| 9:46 | Construir | Mill |
| 9:54 | Investigar | Feudal Age |
| 9:56 | Investigar | Loom |
| 10:00 | Construir | Mule Cart |
| 10:13 | Construir | Palisade Wall |
| 10:26 | Construir | House |
| 10:30 | Construir | Palisade Wall |
| 10:33 | Construir | House |
| 10:36 | Crear | Villager (Male) |
| 10:46 | Crear | Fishing Ship |
| 11:38 | Construir | House |
| 11:41 | Construir | Palisade Wall |
| 11:44 | Construir | House |
| 11:50 | Crear | Villager (Male) |
| 12:04 | Edad | Edad Feudal |
| 12:14 | Crear | Villager (Male) |
| 12:22 | Crear | Fire Galley |
| 12:33 | Construir | Barracks |
| 12:39 | Construir | House |
| 12:41 | Construir | Palisade Wall |
| 12:44 | Construir | House |
| 12:50 | Construir | House |
| 12:54 | Construir | House |
| 12:57 | Construir | Palisade Wall |
| 13:01 | Construir | Palisade Wall |
| 13:16 | Crear | Militia |
| 13:17 | Crear | Militia |
| 13:17 | Crear | Militia |
| 13:41 | Crear | Militia |
| 13:55 | Construir | House |
| 13:57 | Construir | House |
| 14:08 | Construir | House |
| 14:14 | Crear | Villager (Male) |
| 14:15 | Crear | Villager (Male) |
| 14:15 | Crear | Villager (Male) |
| 14:20 | Crear | Fishing Ship |
| 14:41 | Investigar | Man-at-Arms (upgrade) |
| 14:56 | Crear | Fishing Ship |
| 15:09 | Construir | Mule Cart |
| 15:13 | Investigar | Double-Bit Axe |
| 15:22 | Construir | Dock |
| 15:35 | Construir | House |
| 15:47 | Crear | Villager (Male) |
| 15:47 | Crear | Villager (Male) |
| 15:48 | Crear | Villager (Male) |
| 15:48 | Crear | Villager (Male) |
| 16:02 | Crear | Spearman |
| 16:03 | Crear | Spearman |
| 16:03 | Crear | Spearman |
| 16:13 | Crear | Fishing Ship |
| 16:13 | Crear | Fishing Ship |
| 16:19 | Investigar | Tech 906 |
| 16:20 | Crear | Fishing Ship |
| 16:20 | Crear | Fishing Ship |
| 16:29 | Construir | Palisade Gate |
| 16:37 | Crear | Villager (Male) |
| 16:46 | Construir | Palisade Wall |
| 16:54 | Crear | Villager (Male) |
| 17:01 | Crear | Fishing Ship |
| 17:04 | Crear | Fishing Ship |
| 17:23 | Construir | House |
| 17:26 | Construir | Palisade Gate |
| 17:27 | Construir | Palisade Wall |
| 17:43 | Crear | Villager (Male) |
| 17:59 | Crear | Fishing Ship |
| 18:06 | Crear | Fishing Ship |
| 18:09 | Crear | Villager (Male) |
| 18:21 | Construir | Farm |
| 18:22 | Investigar | Horse Collar |
| 18:22 | Investigar | Horse Collar |
| 18:26 | Construir | Market |
| 18:33 | Construir | Blacksmith |
| 18:41 | Crear | Villager (Male) |
| 18:49 | Construir | Palisade Wall |
| 19:08 | Crear | Fishing Ship |
| 19:14 | Crear | Unit 2626 |
| 19:14 | Crear | Unit 2626 |
| 19:16 | Crear | Fire Galley |
| 19:18 | Crear | Unit 2626 |
| 19:18 | Crear | Unit 2626 |
| 19:19 | Crear | Fire Galley |
| 19:25 | Crear | Villager (Male) |
| 19:39 | Construir | Farm |
| 19:45 | Crear | Villager (Male) |
| 20:01 | Construir | Farm |
| 20:21 | Investigar | Wheelbarrow |
| 20:25 | Construir | Farm |
| 20:29 | Construir | Farm |
| 20:45 | Construir | House |
| 20:47 | Construir | House |
| 20:48 | Construir | House |
| 20:49 | Construir | House |
| 20:54 | Construir | Dock |
| 21:08 | Construir | Stone Wall |
| 21:11 | Construir | Stone Wall |
| 21:12 | Construir | Stone Wall |
| 21:17 | Construir | Stone Wall |
| 21:23 | Construir | Stone Wall |
Build order — ButNotTonight
Primeras 150 de 790 acciones detectadas
| 0:02 | Crear | Villager (Male) |
| 0:02 | Crear | Villager (Male) |
| 0:03 | Crear | Villager (Male) |
| 0:04 | Construir | House |
| 0:06 | Construir | House |
| 0:42 | Crear | Villager (Male) |
| 0:43 | Crear | Villager (Male) |
| 1:24 | Construir | Lumber Camp |
| 1:26 | Crear | Villager (Male) |
| 1:26 | Crear | Villager (Male) |
| 2:02 | Crear | Villager (Male) |
| 2:03 | Crear | Villager (Male) |
| 2:35 | Crear | Villager (Male) |
| 2:35 | Crear | Villager (Male) |
| 2:55 | Crear | Villager (Male) |
| 2:55 | Crear | Villager (Male) |
| 3:21 | Crear | Villager (Male) |
| 3:22 | Crear | Villager (Male) |
| 3:56 | Crear | Villager (Male) |
| 4:00 | Construir | House |
| 4:07 | Crear | Villager (Male) |
| 4:08 | Crear | Villager (Male) |
| 4:35 | Crear | Villager (Male) |
| 4:36 | Crear | Villager (Male) |
| 4:36 | Crear | Villager (Male) |
| 4:52 | Crear | Villager (Male) |
| 4:52 | Crear | Villager (Male) |
| 5:30 | Crear | Villager (Male) |
| 5:33 | Construir | Farm |
| 5:34 | Construir | Farm |
| 6:14 | Construir | House |
| 6:22 | Investigar | Loom |
| 6:58 | Investigar | Feudal Age |
| 6:58 | Investigar | Feudal Age |
| 7:30 | Construir | Farm |
| 8:28 | Construir | House |
| 8:39 | Crear | Villager (Male) |
| 8:44 | Crear | Villager (Male) |
| 9:08 | Edad | Edad Feudal |
| 9:10 | Construir | Stable |
| 9:17 | Investigar | Double-Bit Axe |
| 9:17 | Investigar | Double-Bit Axe |
| 9:27 | Construir | House |
| 9:29 | Construir | Palisade Wall |
| 9:38 | Construir | Palisade Wall |
| 9:42 | Construir | Palisade Wall |
| 9:44 | Crear | Villager (Male) |
| 9:46 | Crear | Scout Cavalry |
| 9:46 | Crear | Scout Cavalry |
| 9:52 | Construir | Mill |
| 10:01 | Construir | Palisade Wall |
| 10:03 | Crear | Villager (Male) |
| 10:14 | Crear | Scout Cavalry |
| 10:20 | Construir | Palisade Wall |
| 10:24 | Construir | Palisade Wall |
| 10:29 | Crear | Villager (Male) |
| 10:34 | Construir | Mill |
| 10:39 | Crear | Scout Cavalry |
| 11:06 | Crear | Villager (Male) |
| 11:07 | Construir | Farm |
| 11:19 | Construir | Palisade Wall |
| 11:23 | Construir | Palisade Gate |
| 11:33 | Construir | House |
| 11:34 | Construir | Palisade Wall |
| 11:38 | Crear | Scout Cavalry |
| 11:40 | Crear | Villager (Male) |
| 11:45 | Construir | House |
| 12:06 | Crear | Scout Cavalry |
| 12:15 | Construir | Farm |
| 12:16 | Construir | Farm |
| 12:16 | Construir | Farm |
| 12:18 | Crear | Villager (Male) |
| 12:38 | Crear | Villager (Male) |
| 12:43 | Crear | Scout Cavalry |
| 12:53 | Construir | Farm |
| 12:55 | Construir | Farm |
| 12:57 | Crear | Scout Cavalry |
| 13:12 | Crear | Villager (Male) |
| 13:14 | Construir | Farm |
| 13:15 | Crear | Villager (Male) |
| 13:19 | Construir | Farm |
| 13:25 | Construir | House |
| 13:38 | Construir | Farm |
| 13:42 | Crear | Villager (Male) |
| 14:02 | Crear | Villager (Male) |
| 14:04 | Construir | Farm |
| 14:05 | Construir | Farm |
| 14:06 | Crear | Villager (Male) |
| 14:11 | Crear | Scout Cavalry |
| 14:28 | Crear | Villager (Male) |
| 14:53 | Crear | Villager (Male) |
| 14:55 | Crear | Villager (Male) |
| 14:58 | Construir | House |
| 15:20 | Crear | Villager (Male) |
| 15:32 | Construir | Palisade Wall |
| 15:34 | Construir | Palisade Wall |
| 15:48 | Crear | Villager (Male) |
| 15:51 | Construir | Mining Camp |
| 15:58 | Construir | Dock |
| 16:51 | Construir | Market |
| 16:59 | Crear | Villager (Male) |
| 17:10 | Crear | Fishing Ship |
| 17:37 | Investigar | Gold Mining |
| 17:39 | Crear | Villager (Male) |
| 18:00 | Construir | House |
| 18:10 | Investigar | Castle Age |
| 18:10 | Investigar | Castle Age |
| 18:43 | Construir | Stable |
| 18:49 | Construir | House |
| 18:50 | Construir | Palisade Wall |
| 19:09 | Construir | Palisade Wall |
| 19:21 | Crear | Villager (Male) |
| 19:32 | Construir | Blacksmith |
| 19:38 | Construir | House |
| 20:02 | Crear | Scout Cavalry |
| 20:03 | Crear | Scout Cavalry |
| 20:09 | Construir | Palisade Wall |
| 20:20 | Crear | Scout Cavalry |
| 20:20 | Crear | Scout Cavalry |
| 20:44 | Crear | Scout Cavalry |
| 20:45 | Crear | Scout Cavalry |
| 20:52 | Edad | Edad de los Castillos |
| 20:53 | Construir | Palisade Gate |
| 21:19 | Investigar | Bloodlines |
| 21:24 | Investigar | Light Cavalry (upgrade) |
| 21:25 | Investigar | Scale Barding Armor |
| 21:25 | Investigar | Scale Barding Armor |
| 21:27 | Crear | Villager (Male) |
| 21:27 | Crear | Villager (Male) |
| 21:38 | Crear | Fishing Ship |
| 21:38 | Crear | Fishing Ship |
| 21:48 | Construir | House |
| 21:49 | Construir | Palisade Wall |
| 21:51 | Construir | Palisade Wall |
| 21:52 | Construir | Palisade Wall |
| 22:04 | Crear | Scout Cavalry |
| 22:05 | Crear | Scout Cavalry |
| 22:22 | Investigar | Chain Barding Armor |
| 22:22 | Investigar | Chain Barding Armor |
| 22:24 | Crear | Villager (Male) |
| 22:25 | Crear | Scout Cavalry |
| 22:26 | Crear | Scout Cavalry |
| 22:27 | Crear | Scout Cavalry |
| 22:45 | Construir | House |
| 22:47 | Construir | House |
| 22:48 | Construir | Palisade Wall |
| 22:52 | Crear | Villager (Male) |
| 23:04 | Crear | Villager (Male) |
| 23:05 | Crear | Villager (Male) |
| 23:25 | Crear | Villager (Male) |
Build order — fangbb
Primeras 150 de 666 acciones detectadas
| 0:03 | Crear | Villager (Male) ×4 |
| 0:04 | Construir | House |
| 0:05 | Construir | House |
| 0:07 | Construir | House |
| 1:37 | Crear | Villager (Male) |
| 2:00 | Crear | Villager (Male) |
| 2:35 | Crear | Villager (Male) |
| 3:01 | Crear | Villager (Male) |
| 3:02 | Crear | Villager (Male) |
| 3:48 | Construir | Lumber Camp |
| 3:57 | Crear | Villager (Male) |
| 4:18 | Crear | Villager (Male) |
| 4:39 | Crear | Villager (Male) |
| 4:47 | Construir | House |
| 5:03 | Crear | Villager (Male) |
| 5:09 | Construir | House |
| 5:42 | Crear | Villager (Male) |
| 6:09 | Crear | Villager (Male) |
| 6:32 | Crear | Villager (Male) |
| 6:36 | Construir | Mill |
| 6:57 | Crear | Villager (Male) |
| 7:21 | Crear | Villager (Male) |
| 7:46 | Investigar | Feudal Age |
| 8:06 | Crear | Villager (Male) |
| 8:07 | Crear | Villager (Male) |
| 9:59 | Edad | Edad Feudal |
| 10:02 | Construir | Market |
| 10:08 | Construir | House |
| 10:16 | Crear | Villager (Male) |
| 10:29 | Construir | House |
| 10:30 | Construir | Palisade Wall |
| 10:33 | Construir | Blacksmith |
| 10:34 | Construir | Palisade Wall |
| 10:42 | Construir | Palisade Wall |
| 10:44 | Construir | Palisade Wall |
| 10:51 | Crear | Villager (Male) |
| 11:05 | Construir | Palisade Wall |
| 11:17 | Construir | House |
| 11:20 | Construir | Palisade Wall |
| 11:20 | Construir | Palisade Wall |
| 11:42 | Crear | Villager (Male) |
| 11:54 | Construir | Palisade Wall |
| 12:00 | Investigar | Castle Age |
| 12:00 | Investigar | Castle Age |
| 12:16 | Construir | Palisade Wall |
| 12:17 | Construir | Palisade Wall |
| 13:12 | Construir | Barracks |
| 13:38 | Investigar | Horse Collar |
| 13:57 | Investigar | Double-Bit Axe |
| 14:00 | Construir | Farm |
| 14:03 | Construir | Farm |
| 14:23 | Construir | Palisade Wall |
| 14:28 | Construir | Farm |
| 14:31 | Construir | Farm |
| 14:34 | Construir | Farm |
| 14:35 | Crear | Villager (Male) |
| 14:44 | Crear | Spearman |
| 14:47 | Edad | Edad de los Castillos |
| 14:53 | Construir | Farm |
| 15:02 | Crear | Spearman |
| 15:10 | Construir | Farm |
| 15:13 | Construir | Farm |
| 15:14 | Crear | Villager (Male) |
| 15:37 | Crear | Villager (Male) |
| 15:42 | Construir | Farm |
| 15:50 | Crear | Spearman |
| 15:56 | Construir | Palisade Wall |
| 16:00 | Construir | Palisade Wall |
| 16:03 | Construir | Farm |
| 16:05 | Construir | Farm |
| 16:05 | Crear | Villager (Male) |
| 16:09 | Construir | Farm |
| 16:09 | Crear | Villager (Male) |
| 16:14 | Construir | Farm |
| 16:22 | Crear | Spearman |
| 16:50 | Crear | Villager (Male) |
| 17:03 | Crear | Spearman |
| 17:20 | Crear | Villager (Male) |
| 17:26 | Construir | House |
| 17:30 | Construir | House |
| 17:37 | Crear | Spearman |
| 17:38 | Crear | Villager (Male) |
| 17:56 | Construir | Mining Camp |
| 18:01 | Crear | Villager (Male) |
| 18:32 | Crear | Spearman |
| 18:33 | Crear | Villager (Male) |
| 18:43 | Crear | Villager (Male) |
| 18:51 | Construir | Farm |
| 19:02 | Crear | Villager (Male) |
| 19:26 | Crear | Villager (Male) |
| 19:39 | Crear | Villager (Male) |
| 19:48 | Crear | Spearman |
| 19:56 | Construir | Town Center |
| 20:08 | Crear | Villager (Male) |
| 20:10 | Investigar | Bow Saw |
| 20:19 | Construir | House |
| 20:38 | Investigar | Wheelbarrow |
| 20:38 | Investigar | Wheelbarrow |
| 20:44 | Construir | Farm |
| 21:15 | Crear | Spearman |
| 21:36 | Crear | Villager (Male) |
| 21:36 | Crear | Villager (Male) |
| 21:39 | Crear | Villager (Male) |
| 21:40 | Crear | Villager (Male) |
| 22:08 | Crear | Villager (Male) |
| 22:11 | Crear | Spearman |
| 22:15 | Construir | House |
| 22:16 | Construir | House |
| 22:18 | Crear | Villager (Male) |
| 22:24 | Crear | Villager (Male) |
| 22:34 | Crear | Villager (Male) |
| 22:43 | Crear | Spearman |
| 23:05 | Crear | Villager (Male) |
| 23:11 | Construir | Farm |
| 23:13 | Crear | Villager (Male) |
| 23:32 | Crear | Villager (Male) |
| 23:38 | Crear | Spearman |
| 23:43 | Crear | Villager (Male) |
| 23:48 | Construir | House |
| 23:50 | Crear | Villager (Male) |
| 23:56 | Crear | Villager (Male) |
| 24:14 | Crear | Villager (Male) |
| 24:20 | Crear | Villager (Male) |
| 24:23 | Construir | House |
| 24:32 | Construir | Farm |
| 24:33 | Construir | Farm |
| 24:34 | Construir | Farm |
| 24:35 | Crear | Villager (Male) |
| 24:42 | Construir | Farm |
| 24:49 | Crear | Villager (Male) |
| 24:57 | Crear | Villager (Male) |
| 25:07 | Crear | Villager (Male) |
| 25:15 | Construir | Castle |
| 25:17 | Crear | Villager (Male) |
| 25:22 | Crear | Villager (Male) |
| 25:30 | Crear | Spearman |
| 25:32 | Investigar | Fletching |
| 25:43 | Crear | Villager (Male) |
| 25:57 | Crear | Villager (Male) |
| 26:01 | Crear | Spearman |
| 26:02 | Crear | Villager (Male) |
| 26:19 | Crear | Villager (Male) |
| 26:25 | Construir | Stable |
| 26:26 | Crear | Villager (Male) |
| 26:33 | Construir | Farm |
| 26:35 | Construir | Farm |
| 26:37 | Construir | Farm |
| 26:39 | Crear | Villager (Male) |
| 26:41 | Crear | Spearman |
| 26:41 | Crear | Mangudai |
Build order — CholoPayet
Primeras 150 de 702 acciones detectadas
| 0:01 | Crear | Villager (Male) |
| 0:02 | Construir | House |
| 0:04 | Construir | House |
| 0:16 | Crear | Villager (Male) |
| 0:16 | Crear | Villager (Male) |
| 0:21 | Crear | Villager (Male) |
| 0:22 | Crear | Villager (Male) |
| 1:21 | Crear | Villager (Male) |
| 1:22 | Crear | Villager (Male) |
| 1:50 | Construir | Lumber Camp |
| 1:54 | Crear | Villager (Male) |
| 1:54 | Crear | Villager (Male) |
| 2:33 | Crear | Villager (Male) |
| 2:34 | Crear | Villager (Male) |
| 2:59 | Crear | Villager (Male) |
| 3:28 | Crear | Villager (Male) |
| 3:28 | Crear | Villager (Male) |
| 3:47 | Crear | Villager (Male) |
| 3:47 | Crear | Villager (Male) |
| 3:57 | Construir | House |
| 4:06 | Crear | Villager (Male) |
| 4:06 | Crear | Villager (Male) |
| 4:06 | Crear | Villager (Male) |
| 4:33 | Crear | Villager (Male) |
| 4:33 | Crear | Villager (Male) |
| 4:33 | Crear | Villager (Male) |
| 5:10 | Construir | Mill |
| 5:56 | Investigar | Loom |
| 5:57 | Investigar | Loom |
| 6:27 | Investigar | Feudal Age |
| 6:27 | Investigar | Feudal Age |
| 7:18 | Construir | Barracks |
| 8:17 | Construir | House |
| 8:37 | Edad | Edad Feudal |
| 8:37 | Investigar | Double-Bit Axe |
| 8:37 | Investigar | Double-Bit Axe |
| 8:38 | Crear | Villager (Male) |
| 8:42 | Construir | Stable |
| 8:55 | Construir | Farm |
| 8:59 | Crear | Villager (Male) |
| 9:06 | Construir | Farm |
| 9:28 | Crear | Villager (Male) |
| 9:30 | Construir | Farm |
| 9:40 | Construir | House |
| 9:41 | Crear | Scout Cavalry |
| 9:46 | Crear | Villager (Male) |
| 9:56 | Construir | Farm |
| 9:58 | Construir | Farm |
| 10:10 | Crear | Scout Cavalry |
| 10:19 | Construir | House |
| 10:21 | Construir | Palisade Wall |
| 10:26 | Crear | Villager (Male) |
| 10:28 | Construir | Farm |
| 10:47 | Crear | Villager (Male) |
| 10:55 | Construir | Farm |
| 11:21 | Crear | Villager (Male) |
| 11:21 | Crear | Scout Cavalry |
| 11:22 | Crear | Scout Cavalry |
| 11:24 | Construir | Farm |
| 11:38 | Construir | Palisade Wall |
| 12:07 | Crear | Villager (Male) |
| 12:09 | Construir | Farm |
| 12:24 | Crear | Scout Cavalry |
| 12:25 | Crear | Villager (Male) |
| 12:29 | Construir | House |
| 12:41 | Construir | Farm |
| 12:43 | Crear | Villager (Male) |
| 13:02 | Crear | Villager (Male) |
| 13:04 | Construir | Farm |
| 13:33 | Crear | Villager (Male) |
| 13:34 | Crear | Scout Cavalry |
| 13:41 | Crear | Villager (Male) |
| 13:43 | Construir | Farm |
| 13:46 | Construir | House |
| 13:50 | Construir | Farm |
| 14:04 | Crear | Scout Cavalry |
| 14:05 | Crear | Villager (Male) |
| 14:16 | Construir | Farm |
| 14:27 | Construir | Blacksmith |
| 14:46 | Crear | Villager (Male) |
| 14:49 | Construir | Mining Camp |
| 15:11 | Construir | House |
| 15:19 | Crear | Scout Cavalry |
| 15:20 | Crear | Villager (Male) |
| 15:50 | Construir | Palisade Wall |
| 15:52 | Crear | Villager (Male) |
| 16:08 | Construir | House |
| 16:22 | Crear | Villager (Male) |
| 16:24 | Crear | Villager (Male) |
| 16:34 | Construir | Farm |
| 16:58 | Construir | House |
| 17:15 | Crear | Villager (Male) |
| 17:20 | Construir | Farm |
| 17:20 | Construir | Farm |
| 17:21 | Construir | Farm |
| 17:22 | Construir | Farm |
| 17:33 | Construir | Market |
| 17:36 | Investigar | Castle Age |
| 17:36 | Investigar | Castle Age |
| 17:44 | Investigar | Forging |
| 17:44 | Investigar | Forging |
| 17:49 | Construir | Palisade Wall |
| 18:02 | Investigar | Horse Collar |
| 18:02 | Investigar | Horse Collar |
| 18:18 | Crear | Scout Cavalry |
| 18:25 | Construir | Palisade Wall |
| 18:37 | Construir | Farm |
| 18:38 | Construir | Farm |
| 18:42 | Construir | Palisade Wall |
| 19:13 | Investigar | Bloodlines |
| 19:13 | Investigar | Bloodlines |
| 19:18 | Crear | Villager (Male) |
| 19:40 | Investigar | Scale Barding Armor |
| 19:41 | Investigar | Scale Barding Armor |
| 19:51 | Construir | Farm |
| 19:58 | Construir | House |
| 20:00 | Construir | Palisade Wall |
| 20:20 | Edad | Edad de los Castillos |
| 20:26 | Investigar | Light Cavalry (upgrade) |
| 20:26 | Investigar | Light Cavalry (upgrade) |
| 20:40 | Investigar | Chain Barding Armor |
| 20:40 | Investigar | Chain Barding Armor |
| 20:58 | Crear | Villager (Male) |
| 20:58 | Crear | Villager (Male) |
| 21:24 | Crear | Villager (Male) |
| 21:26 | Construir | Farm |
| 21:40 | Crear | Villager (Male) |
| 22:30 | Construir | House |
| 22:31 | Construir | House |
| 22:34 | Construir | Palisade Wall |
| 22:39 | Crear | Villager (Male) |
| 22:48 | Construir | Town Center |
| 22:53 | Crear | Villager (Male) |
| 23:11 | Construir | Lumber Camp |
| 23:31 | Crear | Villager (Male) |
| 23:46 | Construir | House |
| 24:01 | Crear | Villager (Male) |
| 24:05 | Crear | Villager (Male) |
| 24:14 | Crear | Knight |
| 24:14 | Crear | Knight |
| 24:14 | Crear | Knight |
| 24:17 | Crear | Steppe Lancer |
| 24:17 | Crear | Steppe Lancer |
| 24:26 | Crear | Villager (Male) |
| 24:33 | Construir | House |
| 24:34 | Construir | House |
| 24:37 | Investigar | Iron Casting |
| 24:39 | Construir | Farm |
| 24:43 | Crear | Steppe Lancer |
| 24:52 | Crear | Villager (Male) |
Build order — hailou hilou
Primeras 150 de 595 acciones detectadas
| 0:03 | Construir | House |
| 0:03 | Construir | House |
| 0:04 | Crear | Villager (Male) |
| 0:04 | Crear | Villager (Male) |
| 0:34 | Crear | Villager (Male) |
| 0:34 | Crear | Villager (Male) |
| 0:35 | Crear | Villager (Male) |
| 1:23 | Crear | Villager (Male) |
| 1:24 | Crear | Villager (Male) |
| 2:06 | Crear | Villager (Male) |
| 2:06 | Crear | Villager (Male) |
| 2:20 | Construir | Lumber Camp |
| 2:31 | Crear | Villager (Male) |
| 2:31 | Crear | Villager (Male) |
| 2:36 | Crear | Villager (Male) |
| 2:58 | Construir | House |
| 3:11 | Crear | Villager (Male) |
| 3:34 | Construir | House |
| 3:54 | Crear | Villager (Male) |
| 3:54 | Crear | Villager (Male) |
| 4:35 | Crear | Villager (Male) |
| 4:35 | Crear | Villager (Male) |
| 4:36 | Crear | Villager (Male) |
| 4:36 | Crear | Villager (Male) |
| 4:38 | Construir | House |
| 4:49 | Crear | Villager (Male) |
| 4:59 | Construir | Mill |
| 5:07 | Crear | Villager (Male) |
| 5:26 | Crear | Villager (Male) |
| 6:36 | Construir | House |
| 6:41 | Construir | House |
| 6:46 | Crear | Villager (Male) |
| 6:46 | Crear | Villager (Male) |
| 6:47 | Crear | Villager (Male) |
| 7:09 | Construir | Palisade Wall |
| 7:13 | Crear | Villager (Male) |
| 7:36 | Construir | Palisade Wall |
| 7:44 | Construir | House |
| 7:45 | Crear | Villager (Male) |
| 8:05 | Investigar | Feudal Age |
| 8:06 | Investigar | Feudal Age |
| 8:06 | Investigar | Feudal Age |
| 8:14 | Construir | Farm |
| 8:23 | Construir | Farm |
| 8:34 | Construir | Palisade Wall |
| 9:05 | Construir | Barracks |
| 9:31 | Construir | Palisade Wall |
| 9:40 | Investigar | Loom |
| 9:41 | Crear | Villager (Male) |
| 9:44 | Construir | Palisade Gate |
| 10:01 | Construir | Palisade Wall |
| 10:01 | Construir | Palisade Wall |
| 10:13 | Edad | Edad Feudal |
| 10:15 | Construir | Stable |
| 10:49 | Crear | Spearman |
| 11:00 | Crear | Villager (Male) |
| 11:18 | Construir | Blacksmith |
| 11:26 | Construir | Palisade Wall |
| 11:27 | Construir | Palisade Wall |
| 11:28 | Construir | Palisade Gate |
| 11:32 | Crear | Villager (Male) |
| 11:51 | Construir | Mining Camp |
| 11:55 | Crear | Villager (Male) |
| 12:15 | Crear | Scout Cavalry |
| 12:15 | Crear | Scout Cavalry |
| 12:27 | Construir | Palisade Wall |
| 12:35 | Crear | Villager (Male) |
| 12:39 | Construir | Farm |
| 12:48 | Crear | Scout Cavalry |
| 12:55 | Crear | Villager (Male) |
| 12:59 | Construir | Farm |
| 13:09 | Crear | Spearman |
| 13:22 | Crear | Villager (Male) |
| 13:25 | Crear | Scout Cavalry |
| 13:42 | Crear | Villager (Male) |
| 13:48 | Construir | Palisade Wall |
| 13:50 | Crear | Villager (Male) |
| 14:03 | Construir | House |
| 14:14 | Crear | Villager (Male) |
| 14:15 | Crear | Scout Cavalry |
| 14:27 | Construir | House |
| 14:29 | Construir | House |
| 14:34 | Construir | House |
| 14:35 | Crear | Villager (Male) |
| 14:49 | Construir | Farm |
| 14:50 | Investigar | Horse Collar |
| 14:52 | Investigar | Man-at-Arms (upgrade) |
| 14:55 | Crear | Spearman |
| 15:04 | Construir | House |
| 15:06 | Investigar | Bloodlines |
| 15:07 | Investigar | Bloodlines |
| 15:10 | Crear | Villager (Male) |
| 15:19 | Crear | Villager (Male) |
| 15:25 | Construir | House |
| 15:33 | Construir | Farm |
| 15:34 | Construir | Farm |
| 15:35 | Construir | Farm |
| 15:37 | Construir | Farm |
| 15:46 | Crear | Villager (Male) |
| 15:46 | Crear | Villager (Male) |
| 15:52 | Construir | Farm |
| 16:21 | Crear | Villager (Male) |
| 16:34 | Crear | Villager (Male) |
| 16:50 | Construir | Farm |
| 16:50 | Construir | Farm |
| 16:50 | Construir | Farm |
| 16:50 | Construir | Farm |
| 17:02 | Construir | Farm |
| 17:04 | Construir | Farm |
| 17:11 | Crear | Villager (Male) |
| 17:18 | Crear | Villager (Male) |
| 17:21 | Construir | Farm |
| 17:21 | Construir | Farm |
| 17:23 | Construir | Farm |
| 17:38 | Crear | Villager (Male) |
| 17:51 | Crear | Villager (Male) |
| 17:55 | Construir | Farm |
| 17:59 | Construir | Farm |
| 17:59 | Construir | Farm |
| 18:01 | Crear | Scout Cavalry |
| 18:10 | Construir | House |
| 18:27 | Crear | Spearman |
| 18:33 | Investigar | Double-Bit Axe |
| 19:05 | Crear | Villager (Male) |
| 19:16 | Crear | Villager (Male) |
| 19:31 | Crear | Scout Cavalry |
| 19:36 | Construir | Farm |
| 19:37 | Construir | Farm |
| 19:50 | Construir | House |
| 20:01 | Construir | House |
| 20:03 | Construir | Farm |
| 20:04 | Crear | Villager (Male) |
| 20:10 | Investigar | Forging |
| 20:18 | Crear | Villager (Male) |
| 20:27 | Construir | House |
| 20:29 | Construir | House |
| 20:39 | Crear | Villager (Male) |
| 20:41 | Crear | Scout Cavalry |
| 21:03 | Crear | Villager (Male) |
| 21:12 | Construir | Farm |
| 21:13 | Construir | Farm |
| 21:14 | Crear | Villager (Male) |
| 21:29 | Crear | Scout Cavalry |
| 21:31 | Crear | Spearman |
| 21:37 | Crear | Villager (Male) |
| 21:41 | Construir | Lumber Camp |
| 21:52 | Crear | Villager (Male) |
| 22:01 | Construir | Market |
| 22:17 | Crear | Scout Cavalry |
| 22:34 | Construir | Lumber Camp |
Build order — Chadi285
Primeras 150 de 572 acciones detectadas
| 0:02 | Crear | Villager (Male) |
| 0:02 | Crear | Villager (Male) |
| 0:02 | Crear | Villager (Male) |
| 0:03 | Crear | Villager (Male) |
| 0:06 | Construir | House |
| 0:07 | Construir | House |
| 1:41 | Crear | Villager (Male) |
| 1:42 | Crear | Villager (Male) |
| 2:08 | Investigar | Loom |
| 2:28 | Crear | Villager (Male) |
| 2:29 | Crear | Villager (Male) |
| 3:00 | Crear | Villager (Male) |
| 3:00 | Crear | Villager (Male) |
| 3:00 | Crear | Villager (Male) |
| 3:08 | Construir | Lumber Camp |
| 3:49 | Crear | Villager (Male) |
| 3:54 | Construir | House |
| 4:04 | Crear | Villager (Male) |
| 4:05 | Crear | Villager (Male) |
| 4:23 | Crear | Villager (Male) |
| 4:23 | Crear | Villager (Male) |
| 4:24 | Crear | Villager (Male) |
| 4:50 | Crear | Villager (Male) |
| 4:51 | Crear | Villager (Male) |
| 5:34 | Crear | Villager (Male) |
| 5:34 | Crear | Villager (Male) |
| 5:35 | Crear | Villager (Male) |
| 6:00 | Construir | Mill |
| 6:16 | Crear | Villager (Male) |
| 7:15 | Construir | House |
| 7:35 | Investigar | Feudal Age |
| 8:33 | Construir | Barracks |
| 9:38 | Crear | Villager (Male) |
| 9:45 | Edad | Edad Feudal |
| 9:47 | Construir | Stable |
| 9:52 | Crear | Villager (Male) |
| 10:17 | Construir | House |
| 10:20 | Investigar | Double-Bit Axe |
| 10:21 | Crear | Villager (Male) |
| 10:30 | Crear | Scout Cavalry |
| 10:30 | Crear | Scout Cavalry |
| 10:36 | Construir | House |
| 10:40 | Construir | Palisade Wall |
| 10:50 | Construir | Farm |
| 10:51 | Construir | Farm |
| 10:51 | Construir | Farm |
| 10:51 | Construir | Farm |
| 11:30 | Crear | Scout Cavalry |
| 11:39 | Crear | Scout Cavalry |
| 11:39 | Crear | Scout Cavalry |
| 11:54 | Crear | Villager (Male) |
| 11:55 | Crear | Villager (Male) |
| 11:58 | Construir | Farm |
| 11:58 | Construir | Farm |
| 11:58 | Construir | Farm |
| 11:59 | Construir | Farm |
| 12:05 | Construir | House |
| 12:20 | Crear | Villager (Male) |
| 12:20 | Crear | Villager (Male) |
| 12:24 | Construir | Farm |
| 13:00 | Crear | Scout Cavalry |
| 13:00 | Crear | Scout Cavalry |
| 13:16 | Crear | Villager (Male) |
| 13:16 | Crear | Villager (Male) |
| 13:22 | Construir | Palisade Wall |
| 13:31 | Construir | Farm |
| 13:46 | Crear | Scout Cavalry |
| 13:48 | Crear | Villager (Male) |
| 13:48 | Crear | Villager (Male) |
| 13:48 | Crear | Villager (Male) |
| 13:48 | Crear | Villager (Male) |
| 14:02 | Construir | Palisade Wall |
| 14:09 | Construir | Palisade Gate |
| 14:15 | Construir | House |
| 14:34 | Crear | Villager (Male) |
| 14:34 | Crear | Villager (Male) |
| 14:34 | Crear | Villager (Male) |
| 14:34 | Crear | Villager (Male) |
| 14:41 | Construir | Mining Camp |
| 14:49 | Construir | Market |
| 14:51 | Crear | Villager (Male) |
| 14:51 | Crear | Villager (Male) |
| 14:51 | Crear | Villager (Male) |
| 14:58 | Construir | Farm |
| 15:03 | Crear | Villager (Male) |
| 15:03 | Crear | Villager (Male) |
| 15:14 | Construir | Palisade Wall |
| 15:20 | Construir | Blacksmith |
| 15:21 | Construir | Palisade Wall |
| 15:26 | Construir | Farm |
| 15:27 | Construir | Farm |
| 15:43 | Crear | Villager (Male) |
| 15:43 | Crear | Villager (Male) |
| 15:43 | Crear | Villager (Male) |
| 15:51 | Investigar | Horse Collar |
| 16:08 | Crear | Villager (Male) |
| 16:09 | Crear | Villager (Male) |
| 16:24 | Construir | House |
| 16:46 | Crear | Villager (Male) |
| 16:47 | Crear | Villager (Male) |
| 16:47 | Crear | Villager (Male) |
| 17:01 | Construir | Dock |
| 17:09 | Construir | House |
| 17:12 | Crear | Villager (Male) |
| 17:12 | Crear | Villager (Male) |
| 17:12 | Crear | Villager (Male) |
| 17:23 | Construir | Palisade Wall |
| 17:41 | Crear | Villager (Male) |
| 17:48 | Crear | Fishing Ship |
| 17:48 | Crear | Fishing Ship |
| 18:07 | Crear | Villager (Male) |
| 18:17 | Construir | House |
| 18:36 | Crear | Villager (Male) |
| 18:36 | Crear | Villager (Male) |
| 18:39 | Construir | Farm |
| 18:50 | Construir | Palisade Wall |
| 18:52 | Construir | Palisade Wall |
| 18:55 | Construir | Farm |
| 19:01 | Crear | Villager (Male) |
| 19:05 | Crear | Fishing Ship |
| 19:16 | Construir | Palisade Wall |
| 19:30 | Crear | Fishing Ship |
| 19:44 | Investigar | Castle Age |
| 20:01 | Investigar | Gold Mining |
| 20:07 | Construir | Stable |
| 20:47 | Construir | House |
| 20:58 | Construir | Stable |
| 21:08 | Construir | Lumber Camp |
| 21:20 | Investigar | Scale Barding Armor |
| 21:27 | Crear | Unit 2626 |
| 21:43 | Investigar | Bloodlines |
| 21:49 | Construir | Farm |
| 21:51 | Construir | Farm |
| 22:24 | Edad | Edad de los Castillos |
| 22:27 | Crear | Villager (Male) |
| 22:31 | Investigar | Husbandry |
| 22:32 | Crear | Knight |
| 22:33 | Crear | Knight |
| 22:34 | Crear | Knight |
| 22:34 | Crear | Knight |
| 22:34 | Crear | Knight |
| 22:39 | Investigar | Bow Saw |
| 22:44 | Investigar | Heavy Plow |
| 22:59 | Construir | House |
| 23:04 | Crear | Knight |
| 23:04 | Crear | Knight |
| 23:13 | Crear | Villager (Male) |
| 23:19 | Construir | Farm |
| 23:19 | Construir | Farm |
| 23:21 | Construir | Farm |
Cronología de la partida
| 4:25 | Punjiba · first_building Dock |
| 5:43 | law_criminal · first_building Dock |
| 6:54 | [LAK] GGenaroAoE · first_building Barracks |
| 7:09 | hailou hilou · wall_segment Palisade Wall x3 |
| 7:18 | CholoPayet · first_building Barracks |
| 7:36 | hailou hilou · wall_segment Palisade Wall x7 |
| 8:02 | [LAK] GGenaroAoE · wall_segment Palisade Wall x1 |
| 8:15 | law_criminal · wall_segment Palisade Wall x4 |
| 8:33 | Chadi285 · first_building Barracks |
| 8:34 | hailou hilou · wall_segment Palisade Wall x1 |
| 8:37 | CholoPayet · age_up feudal |
| 8:37 | Punjiba · wall_segment Palisade Wall x12 |
| 8:42 | CholoPayet · first_building Stable |
| 8:49 | [LAK] GGenaroAoE · first_building Dock |
| 9:05 | hailou hilou · first_building Barracks |
| 9:08 | law_criminal · wall_segment Palisade Wall x1 |
| 9:08 | ButNotTonight · age_up feudal |
| 9:10 | ButNotTonight · first_building Stable |
| 9:24 | Punjiba · wall_segment Palisade Wall x7 |
| 9:29 | ButNotTonight · wall_segment Palisade Wall x3 |
| 9:31 | hailou hilou · wall_segment Palisade Wall x7 |
| 9:35 | law_criminal · wall_segment Palisade Wall x4 |
| 9:38 | ButNotTonight · wall_segment Palisade Wall x2 |
| 9:42 | ButNotTonight · wall_segment Palisade Wall x4 |
| 9:45 | Chadi285 · age_up feudal |
| 9:47 | Chadi285 · first_building Stable |
| 9:49 | law_criminal · wall_segment Palisade Wall x1 |
| 9:59 | fangbb · age_up feudal |
| 10:01 | hailou hilou · wall_segment Palisade Wall x1 |
| 10:01 | ButNotTonight · wall_segment Palisade Wall x3 |
| 10:01 | hailou hilou · wall_segment Palisade Wall x1 |
| 10:02 | law_criminal · first_building Barracks |
| 10:13 | hailou hilou · age_up feudal |
| 10:13 | Punjiba · wall_segment Palisade Wall x5 |
| 10:15 | hailou hilou · first_building Stable |
| 10:20 | ButNotTonight · wall_segment Palisade Wall x3 |
| 10:21 | CholoPayet · wall_segment Palisade Wall x4 |
| 10:21 | [LAK] GGenaroAoE · age_up feudal |
| 10:24 | ButNotTonight · wall_segment Palisade Wall x1 |
| 10:30 | fangbb · wall_segment Palisade Wall x1 |
| 10:30 | Punjiba · wall_segment Palisade Wall x3 |
| 10:34 | fangbb · wall_segment Palisade Wall x1 |
| 10:40 | Chadi285 · wall_segment Palisade Wall x12 |
| 10:42 | fangbb · wall_segment Palisade Wall x1 |
| 10:44 | fangbb · wall_segment Palisade Wall x1 |
| 10:48 | law_criminal · age_up feudal |
| 11:05 | fangbb · wall_segment Palisade Wall x4 |
| 11:19 | ButNotTonight · wall_segment Palisade Wall x5 |
| 11:20 | fangbb · wall_segment Palisade Wall x1 |
| 11:20 | fangbb · wall_segment Palisade Wall x1 |
| 11:26 | hailou hilou · wall_segment Palisade Wall x3 |
| 11:27 | hailou hilou · wall_segment Palisade Wall x5 |
| 11:34 | ButNotTonight · wall_segment Palisade Wall x2 |
| 11:35 | [LAK] GGenaroAoE · first_building Archery Range |
| 11:38 | CholoPayet · wall_segment Palisade Wall x6 |
| 11:41 | Punjiba · wall_segment Palisade Wall x1 |
| 11:54 | fangbb · wall_segment Palisade Wall x1 |
| 11:58 | fangbb · first_market_sell 100 wood |
| 12:04 | Punjiba · age_up feudal |
| 12:16 | fangbb · wall_segment Palisade Wall x1 |
| 12:17 | fangbb · wall_segment Palisade Wall x1 |
| 12:27 | hailou hilou · wall_segment Palisade Wall x15 |
| 12:33 | Punjiba · first_building Barracks |
| 12:41 | Punjiba · wall_segment Palisade Wall x1 |
| 12:57 | Punjiba · wall_segment Palisade Wall x1 |
| 13:01 | Punjiba · wall_segment Palisade Wall x1 |
| 13:12 | fangbb · first_building Barracks |
| 13:22 | Chadi285 · wall_segment Palisade Wall x6 |
| 13:48 | hailou hilou · wall_segment Palisade Wall x1 |
| 14:02 | Chadi285 · wall_segment Palisade Wall x13 |
| 14:23 | fangbb · wall_segment Palisade Wall x8 |
| 14:47 | fangbb · age_up castle |
| 15:14 | Chadi285 · wall_segment Palisade Wall x5 |
| 15:21 | Chadi285 · wall_segment Palisade Wall x3 |
| 15:32 | ButNotTonight · wall_segment Palisade Wall x5 |
| 15:34 | ButNotTonight · wall_segment Palisade Wall x1 |
| 15:50 | CholoPayet · wall_segment Palisade Wall x1 |
| 15:56 | fangbb · wall_segment Palisade Wall x1 |
| 15:58 | ButNotTonight · first_building Dock |
| 16:00 | fangbb · wall_segment Palisade Wall x5 |
| 16:46 | Punjiba · wall_segment Palisade Wall x1 |
| 17:01 | Chadi285 · first_building Dock |
| 17:23 | Chadi285 · wall_segment Palisade Wall x10 |
| 17:27 | Punjiba · wall_segment Palisade Wall x1 |
| 17:49 | CholoPayet · wall_segment Palisade Wall x9 |
| 17:58 | law_criminal · first_building Archery Range |
| 18:08 | ButNotTonight · first_market_sell 100 wood |
| 18:25 | CholoPayet · wall_segment Palisade Wall x1 |
| 18:42 | CholoPayet · wall_segment Palisade Wall x8 |
| 18:48 | law_criminal · wall_segment Palisade Wall x1 |
| 18:49 | Punjiba · wall_segment Palisade Wall x6 |
| 18:50 | ButNotTonight · wall_segment Palisade Wall x2 |
| 18:50 | Chadi285 · wall_segment Palisade Wall x9 |
| 18:52 | Chadi285 · wall_segment Palisade Wall x3 |
| 19:09 | ButNotTonight · wall_segment Palisade Wall x4 |
| 19:16 | Chadi285 · wall_segment Palisade Wall x1 |
| 19:28 | law_criminal · first_market_buy 100 food |
| 20:00 | CholoPayet · wall_segment Palisade Wall x1 |
| 20:09 | ButNotTonight · wall_segment Palisade Wall x3 |
| 20:20 | CholoPayet · age_up castle |
| 20:51 | law_criminal · first_building Stable |
| 20:52 | ButNotTonight · age_up castle |
| 21:08 | Punjiba · wall_segment Stone Wall x8 |
| 21:11 | Punjiba · wall_segment Stone Wall x2 |
| 21:12 | Punjiba · wall_segment Stone Wall x1 |
| 21:17 | Punjiba · wall_segment Stone Wall x9 |
| 21:23 | Punjiba · wall_segment Stone Wall x4 |
| 21:35 | Punjiba · wall_segment Stone Wall x3 |
| 21:41 | Punjiba · wall_segment Stone Wall x4 |
| 21:49 | ButNotTonight · wall_segment Palisade Wall x1 |
| 21:51 | ButNotTonight · wall_segment Palisade Wall x1 |
| 21:52 | ButNotTonight · wall_segment Palisade Wall x3 |
| 22:15 | Punjiba · first_market_sell 100 wood |
| 22:24 | Chadi285 · age_up castle |
| 22:34 | CholoPayet · wall_segment Palisade Wall x1 |
| 22:39 | hailou hilou · first_market_buy 100 food |
| 22:48 | ButNotTonight · wall_segment Palisade Wall x1 |
| 22:54 | [LAK] GGenaroAoE · age_up castle |
| 23:07 | law_criminal · age_up castle |
| 23:32 | ButNotTonight · first_market_buy 100 wood |
| 23:56 | Chadi285 · wall_segment Palisade Wall x10 |
| 24:19 | law_criminal · first_market_sell 100 food |
| 25:02 | Punjiba · age_up castle |
| 25:05 | Punjiba · first_building Siege Workshop |
| 25:09 | hailou hilou · age_up castle |
| 25:15 | fangbb · first_building Castle |
| 26:25 | fangbb · first_building Stable |
| 26:44 | law_criminal · wall_segment Stone Wall x6 |
| 26:56 | fangbb · first_building Archery Range |
| 26:57 | Chadi285 · first_building Siege Workshop |
| 27:05 | CholoPayet · first_market_buy 100 stone |
| 27:40 | hailou hilou · wall_segment Palisade Wall x5 |
| 28:22 | hailou hilou · first_market_sell 100 food |
| 28:58 | fangbb · wall_segment Stone Wall x6 |
| 29:00 | fangbb · wall_segment Stone Wall x3 |
| 29:29 | hailou hilou · wall_segment Stone Wall x2 |
| 30:31 | Punjiba · wall_segment Stone Wall x11 |
| 32:50 | hailou hilou · wall_segment Palisade Wall x5 |
| 33:12 | CholoPayet · first_building Monastery |
| 34:43 | ButNotTonight · first_building Monastery |
| 35:07 | Chadi285 · first_building Castle |
| 36:10 | Chadi285 · wall_segment Stone Wall x1 |
| 36:10 | CholoPayet · first_building Castle |
| 36:11 | Chadi285 · wall_segment Stone Wall x1 |
| 36:12 | Chadi285 · wall_segment Stone Wall x1 |
| 36:42 | Punjiba · first_building Castle |
| 36:54 | [LAK] GGenaroAoE · first_building Siege Workshop |
| 37:53 | fangbb · wall_segment Stone Wall x1 |
| 37:54 | fangbb · wall_segment Stone Wall x1 |
| 37:56 | fangbb · wall_segment Stone Wall x4 |
| 38:00 | Chadi285 · first_building Monastery |
| 38:08 | ButNotTonight · age_up imperial |
| 38:15 | hailou hilou · first_building Monastery |
| 39:19 | fangbb · age_up imperial |
| 39:20 | ButNotTonight · first_building Barracks |
| 39:31 | CholoPayet · first_market_sell 100 wood |
| 39:33 | CholoPayet · age_up imperial |
| 40:27 | Punjiba · wall_segment Stone Wall x1 |
| 40:28 | Punjiba · wall_segment Stone Wall x1 |
| 40:30 | Punjiba · wall_segment Stone Wall x1 |
| 40:31 | Punjiba · wall_segment Stone Wall x1 |
| 40:31 | Punjiba · wall_segment Stone Wall x1 |
| 40:44 | CholoPayet · first_building Siege Workshop |
| 41:50 | fangbb · first_building Monastery |
| 42:16 | Chadi285 · age_up imperial |
| 42:23 | Punjiba · first_building Monastery |
| 43:05 | fangbb · first_building Siege Workshop |
| 43:08 | [LAK] GGenaroAoE · first_building Monastery |
| 43:12 | hailou hilou · age_up imperial |
| 43:20 | hailou hilou · first_building Castle |
| 43:37 | Punjiba · age_up imperial |
| 43:41 | ButNotTonight · first_building Castle |
| 43:44 | Chadi285 · first_market_sell 100 wood |
| 43:48 | Chadi285 · first_market_buy 100 stone |
| 44:13 | Chadi285 · first_building Archery Range |
| 44:17 | law_criminal · first_building Castle |
| 44:33 | Chadi285 · wall_segment Stone Wall x4 |
| 45:28 | Punjiba · first_building Archery Range |
| 46:52 | ButNotTonight · wall_segment Stone Wall x7 |
| 47:51 | [LAK] GGenaroAoE · age_up imperial |
| 48:06 | Chadi285 · wall_segment Stone Wall x6 |
| 48:44 | ButNotTonight · first_building Archery Range |
| 49:48 | Punjiba · first_market_buy 100 food |
| 50:52 | [LAK] GGenaroAoE · first_building Stable |
| 52:12 | law_criminal · age_up imperial |
| 53:54 | [LAK] GGenaroAoE · first_building Castle |
| 58:32 | Punjiba · wall_segment Stone Wall x4 |
| 61:57 | hailou hilou · wall_segment Stone Wall x5 |
| 63:07 | hailou hilou · wall_segment Stone Wall x9 |
| 63:08 | [LAK] GGenaroAoE · first_market_sell 100 wood |
| 63:12 | hailou hilou · wall_segment Stone Wall x5 |
| 63:58 | fangbb · wall_segment Stone Wall x1 |
| 64:01 | fangbb · wall_segment Stone Wall x7 |
| 69:03 | Punjiba · wall_segment Palisade Wall x1 |
| 69:04 | Punjiba · wall_segment Palisade Wall x1 |
| 69:06 | Punjiba · wall_segment Palisade Wall x1 |
| 69:07 | Punjiba · wall_segment Palisade Wall x1 |
| 73:37 | ButNotTonight · resign |
[ ANÁLISIS IA · 1 CRÉDITO ]
¿Qué pasó realmente en esta partida?
Wolo.gg analiza cada decisión: build order, eco, micro, errores típicos por bracket. Análisis personalizado por WhatsApp o Discord en 30 segundos.
Guía civ
Japoneses
Guía mapa
MegaRandom
Perfil
Jugador #879388